MID
LAKEWOOD BLUECLAWS @ GREENSBORO GRASSHOPPERS
09/08/2044
 
TOP OF THE 1ST
Lakewood BlueClaws batting - Pitching for Greensboro Grasshoppers : RHP Zack Evans
Pitching: RHP Zack Evans
Batting: LHB Osamu Kubo 0-0: DOUBLE (Line Drive, 9LS, EV 105.0 MPH)
Batting: RHB Alberto Ramirez 0-0: Called Strike
0-1: Swinging Strike
0-2: Ball
1-2: Fly out, F9 (Line Drive, 9, EV 99.4 MPH)
Batting: SHB Bob Dixon 0-0: Ball
1-0: Swinging Strike
1-1: Ball
Osamu Kubo steals 3rd base
2-1: Ball
3-1: Fly out, F8 (Flyball, 8RM, EV 88.8 MPH)
Runner from 3rd tags up, SCORES, no throw by CF
Batting: LHB Jose Carlos 0-0: Called Strike
0-1: Foul Ball, location: 2F
0-2: Ball
1-2: Ground out 5-3 (Groundball, 56, EV 89.4 MPH)
Top of the 1st over - 1 run, 1 hit, 0 errors, 0 left on base; Lakewood 1 - Greensboro 0
BOTTOM OF THE 1ST
Greensboro Grasshoppers batting - Pitching for Lakewood BlueClaws : RHP William-Floyd Goof
Pitching: RHP William-Floyd Goof
Batting: RHB Tom Thompson 0-0: Swinging Strike
0-1: Fly out, F9 (Flyball, 9D, EV 98.8 MPH)
Batting: RHB Masumitsu Sugiura 0-0: Swinging Strike
0-1: Called Strike
0-2: Ball
1-2: Foul Ball, location: 2F
1-2: Strikes out swinging
Batting: RHB Isaiah Brockman 0-0: Swinging Strike
0-1: Ball
1-1: Foul Ball, location: 2F
1-2: Ball
2-2: Fly out, F5 (Popup, 5SF, EV 88.1 MPH)
Bottom of the 1st over - 0 runs, 0 hits, 0 errors, 0 left on base; Lakewood 1 - Greensboro 0
TOP OF THE 2ND
Lakewood BlueClaws batting - Pitching for Greensboro Grasshoppers : RHP Zack Evans
Batting: RHB Victor Arroyo 0-0: Called Strike
0-1: Ball
1-1: Foul Ball, location: 2F
1-2: Ball
2-2: DOUBLE (Line Drive, 3D, EV 95.6 MPH)
Batting: RHB Roberto Ruiz 0-0: Called Strike
0-1: Foul Ball, location: 2F
0-2: Strikes out swinging
Batting: RHB Kyle Morse 0-0: Ball
1-0: Ball
2-0: Ground out 6-3 (Groundball, 6, EV 78.1 MPH)
Batting: SHB Mike Rueth 0-0: Swinging Strike
0-1: Ball
1-1: Swinging Strike
1-2: Foul Ball, location: 2F
1-2: Ball
2-2: Strikes out swinging
Top of the 2nd over - 0 runs, 1 hit, 0 errors, 1 left on base; Lakewood 1 - Greensboro 0
BOTTOM OF THE 2ND
Greensboro Grasshoppers batting - Pitching for Lakewood BlueClaws : RHP William-Floyd Goof
Batting: RHB Jake Shelton 0-0: Fly out, F9 (Line Drive, 9, EV 91.9 MPH)
Batting: RHB Boof Howell 0-0: Called Strike
0-1: Ball
1-1: Ball
2-1: DOUBLE (Line Drive, 78D, EV 104.4 MPH)
Batting: RHB Jordan Arcidez 0-0: Called Strike
0-1: Ball
1-1: Foul Ball, location: 2F
1-2: Ball
2-2: Ball
3-2: Strikes out swinging
Batting: RHB Wei-guo Tsu 0-0: Swinging Strike
0-1: Foul Ball, location: 2F
0-2: Ball
1-2: Strikes out looking
Bottom of the 2nd over - 0 runs, 1 hit, 0 errors, 1 left on base; Lakewood 1 - Greensboro 0
TOP OF THE 3RD
Lakewood BlueClaws batting - Pitching for Greensboro Grasshoppers : RHP Zack Evans
Batting: RHB Pablo Lopez 0-0: Foul Ball, location: 2F
0-1: Ball
1-1: Swinging Strike
1-2: Strikes out swinging
Batting: LHB Osamu Kubo 0-0: Called Strike
0-1: Ball
1-1: Foul Ball, location: 2F
1-2: Foul Ball, location: 2F
1-2: Ball
2-2: Ball
3-2: Strikes out looking
Batting: RHB Alberto Ramirez 0-0: Ball
1-0: Ball
2-0: Ball
3-0: Fly out, F9 (Flyball, 89D, EV 93.8 MPH)
Top of the 3rd over - 0 runs, 0 hits, 0 errors, 0 left on base; Lakewood 1 - Greensboro 0
BOTTOM OF THE 3RD
Greensboro Grasshoppers batting - Pitching for Lakewood BlueClaws : RHP William-Floyd Goof
Batting: RHB Chris Riddick 0-0: Swinging Strike
0-1: Called Strike
0-2: Strikes out looking
Batting: LHB Juan Zuniga 0-0: Ball
1-0: Foul Ball, location: 2F
1-1: Fly out, F8 (Flyball, 89D, EV 93.1 MPH)
Batting: RHB Tom Thompson 0-0: DOUBLE (Flyball, 78D, EV 105.6 MPH)
Batting: RHB Masumitsu Sugiura 0-0: Ball
1-0: Called Strike
1-1: Swinging Strike
1-2: Strikes out swinging
Bottom of the 3rd over - 0 runs, 1 hit, 0 errors, 1 left on base; Lakewood 1 - Greensboro 0
TOP OF THE 4TH
Lakewood BlueClaws batting - Pitching for Greensboro Grasshoppers : RHP Zack Evans
Batting: SHB Bob Dixon 0-0: Called Strike
0-1: Swinging Strike
0-2: SOLO HOME RUN (Line Drive, 7LD, EV 92.5 MPH), Distance : 339 ft
Batting: LHB Jose Carlos 0-0: Foul Ball, location: 2F
0-1: Ball
1-1: TRIPLE (Flyball, 78XD, EV 92.5 MPH)
Batting: RHB Victor Arroyo 0-0: Ball
1-0: Ball
2-0: Foul Ball, location: 2F
2-1: Foul Ball, location: 2F
2-2: Ball
3-2: Base on Balls
Batting: RHB Roberto Ruiz 0-0: Swinging Strike
0-1: Ball
1-1: Fly out, F4 (Line Drive, 4, EV 66.9 MPH)
Batting: RHB Kyle Morse 0-0: Ball
1-0: Ball
2-0: Ball
3-0: Base on Balls
Victor Arroyo to second
Batting: SHB Mike Rueth 0-0: Called Strike
0-1: SINGLE (Flyball, 7S, EV 91.3 MPH)
Jose Carlos scores
Victor Arroyo to third
Kyle Morse to second
Batting: RHB Pablo Lopez 0-0: Ball
1-0: Called Strike
1-1: Ball
2-1: Fly out, F8 (Flyball, 8LD, EV 104.4 MPH)
Runner from 3rd tags up, SCORES, throw by CF
Kyle Morse to third
Batting: LHB Osamu Kubo 0-0: Ball
1-0: Fly out, F8 (Line Drive, 8LM, EV 93.1 MPH)
Top of the 4th over - 3 runs, 3 hits, 0 errors, 2 left on base; Lakewood 4 - Greensboro 0
BOTTOM OF THE 4TH
Greensboro Grasshoppers batting - Pitching for Lakewood BlueClaws : RHP William-Floyd Goof
Batting: RHB Isaiah Brockman 0-0: Called Strike
0-1: Foul Ball, location: 2F
0-2: Ball
1-2: Ball
2-2: Ground out 6-3 (Groundball, 6, EV 90.6 MPH)
Batting: RHB Jake Shelton 0-0: Ball
1-0: SINGLE (Flyball, 3D, EV 94.4 MPH)
Batting: RHB Boof Howell 0-0: Ball
1-0: Ball
2-0: Foul Ball, location: 2F
2-1: Ball
3-1: Reached on error, E4 (Groundball, 13, EV 88.8 MPH)
Jake Shelton to second
Batting: RHB Jordan Arcidez 0-0: Ball
1-0: Swinging Strike
1-1: Ball
2-1: SINGLE (Line Drive, 4MD, EV 106.9 MPH)
Jake Shelton to third
Boof Howell to second
Batting: RHB Wei-guo Tsu 0-0: Ball
1-0: Foul Ball, location: 2F
1-1: Ball
2-1: Ball
3-1: Base on Balls
Jake Shelton scores
Boof Howell to third
Jordan Arcidez to second
Batting: RHB Chris Riddick 0-0: Called Strike
0-1: Ball
1-1: Swinging Strike
1-2: Ball
2-2: Ball
3-2: Foul Ball, location: 2F
3-2: Foul Ball, location: 2F
3-2: Foul Ball, location: 2F
3-2: Foul Ball, location: 2F
3-2: Base on Balls
Boof Howell scores
Jordan Arcidez to third
Wei-guo Tsu to second
Batting: LHB Juan Zuniga 0-0: Ball
1-0: Ball
2-0: Ball
3-0: Base on Balls
Jordan Arcidez scores
Wei-guo Tsu to third
Chris Riddick to second
Batting: RHB Tom Thompson 0-0: Ball
1-0: Called Strike
1-1: Swinging Strike
1-2: Ball
2-2: Ball
3-2: Base on Balls
Wei-guo Tsu scores
Chris Riddick to third
Juan Zuniga to second
Batting: RHB Masumitsu Sugiura 0-0: Called Strike
0-1: Ball
1-1: Swinging Strike
1-2: Strikes out looking
Pitching: RHP Dustin Hensley
Batting: RHB Isaiah Brockman 0-0: Called Strike
0-1: Ball
1-1: Fly out, F7 (Line Drive, 7, EV 86.3 MPH)
Bottom of the 4th over - 4 runs, 2 hits, 1 error, 3 left on base; Lakewood 4 - Greensboro 4
TOP OF THE 5TH
Lakewood BlueClaws batting - Pitching for Greensboro Grasshoppers : RHP Zack Evans
Batting: RHB Alberto Ramirez 0-0: TRIPLE (Flyball, 89XD, EV 109.4 MPH)
Batting: SHB Bob Dixon 0-0: Called Strike
0-1: Ball
1-1: Foul Ball, location: 2F
1-2: Ball
2-2: SINGLE (Flyball, 8RS, EV 94.4 MPH)
Alberto Ramirez scores
Batting: LHB Jose Carlos 0-0: Called Strike
0-1: Foul Ball, location: 2F
0-2: Ball
1-2: Ball
2-2: SINGLE (Groundball, 34D, EV 104.4 MPH)
Bob Dixon to second
Runner from 2nd tries for 3rd, OUT! 9-5
Jose Carlos to second
Batting: RHB Victor Arroyo 0-0: Fly out, F7 (Flyball, 7S, EV 73.1 MPH)
Batting: RHB Roberto Ruiz 0-0: Ball
1-0: Ball
2-0: Ball
3-0: Called Strike
3-1: Swinging Strike
3-2: Foul Ball, location: 2F
3-2: Strikes out swinging
Top of the 5th over - 1 run, 3 hits, 0 errors, 1 left on base; Lakewood 5 - Greensboro 4
BOTTOM OF THE 5TH
Greensboro Grasshoppers batting - Pitching for Lakewood BlueClaws : RHP Dustin Hensley
Batting: RHB Jake Shelton 0-0: Ball
1-0: Ball
2-0: Ball
3-0: Base on Balls
Batting: RHB Boof Howell 0-0: Ball
1-0: Called Strike
1-1: Called Strike
1-2: Strikes out swinging
Batting: RHB Jordan Arcidez 0-0: Hit by Pitch
Jake Shelton to second
Batting: RHB Wei-guo Tsu 0-0: Called Strike
0-1: Called Strike
0-2: Ball
1-2: 3-RUN HOME RUN (Flyball, 7LD, EV 94.4 MPH), Distance : 341 ft
Pitching: RHP Omar Pineda
Batting: RHB Chris Riddick 0-0: Swinging Strike
0-1: Called Strike
0-2: Ball
1-2: Strikes out swinging
Batting: LHB Juan Zuniga 0-0: SINGLE (Groundball, 4M, EV 107.5 MPH) (infield hit)
Batting: RHB Tom Thompson 0-0: Called Strike
Juan Zuniga steals 2nd base
0-1: Called Strike
0-2: Strikes out swinging
Bottom of the 5th over - 3 runs, 2 hits, 0 errors, 1 left on base; Lakewood 5 - Greensboro 7
TOP OF THE 6TH
Lakewood BlueClaws batting - Pitching for Greensboro Grasshoppers : RHP Zack Evans
Batting: RHB Kyle Morse 0-0: Ball
1-0: Called Strike
1-1: Foul Ball, location: 2F
1-2: SOLO HOME RUN (Flyball, 7D, EV 95.0 MPH), Distance : 361 ft
Pitching: RHP Chris Forster
Batting: SHB Mike Rueth 0-0: Ball
1-0: Called Strike
1-1: Foul Ball, location: 2F
1-2: SINGLE (Line Drive, 4M, EV 95.6 MPH)
Batting: RHB Pablo Lopez 0-0: Called Strike
0-1: Ball
1-1: Ball
2-1: SINGLE (Groundball, 56, EV 108.8 MPH)
Mike Rueth to second
Batting: LHB Osamu Kubo 0-0: SINGLE (Line Drive, 9S, EV 95.0 MPH)
Mike Rueth to third
Pablo Lopez to second
Batting: RHB Alberto Ramirez 0-0: SINGLE (Line Drive, 89M, EV 88.8 MPH)
Mike Rueth scores
Pablo Lopez to third
Osamu Kubo to second
Batting: SHB Bob Dixon 0-0: Ball
1-0: Ball
2-0: Foul Ball, location: 2F
2-1: Foul Ball, location: 2F
2-2: Ball
3-2: Foul Ball, location: 2F
3-2: Strikes out swinging
Pitching: LHP Nick Gore
Batting: LHB Jose Carlos 0-0: Foul Ball, location: 2F
0-1: Ball
1-1: Called Strike
1-2: Strikes out swinging
Batting: RHB Victor Arroyo 0-0: Swinging Strike
0-1: Swinging Strike
0-2: Strikes out looking
Top of the 6th over - 2 runs, 5 hits, 0 errors, 3 left on base; Lakewood 7 - Greensboro 7
BOTTOM OF THE 6TH
Greensboro Grasshoppers batting - Pitching for Lakewood BlueClaws : RHP Omar Pineda
Batting: RHB Masumitsu Sugiura 0-0: Fly out, F9 (Flyball, 9, EV 97.5 MPH)
Batting: RHB Isaiah Brockman 0-0: Called Strike
0-1: Fly out, F7 (Flyball, 78D, EV 96.3 MPH)
Batting: RHB Jake Shelton 0-0: Ground out 6-3 (Groundball, 6S, EV 62.5 MPH)
Bottom of the 6th over - 0 runs, 0 hits, 0 errors, 0 left on base; Lakewood 7 - Greensboro 7
TOP OF THE 7TH
Lakewood BlueClaws batting - Pitching for Greensboro Grasshoppers : LHP Nick Gore
Batting: RHB Roberto Ruiz 0-0: Ball
1-0: Ball
2-0: Ball
3-0: Called Strike
3-1: Base on Balls
Batting: RHB Kyle Morse 0-0: Called Strike
0-1: Ball
1-1: Ball
2-1: Foul Ball, location: 2F
2-2: Ball
3-2: Strikes out swinging
Pinch Hitting: RHB Danny Krug 0-0: Foul Ball, location: 2F
0-1: Foul Ball, location: 2F
0-2: Ball
1-2: Ball
2-2: Strikes out swinging
Batting: RHB Pablo Lopez 0-0: Called Strike
0-1: SINGLE (Groundball, 34, EV 94.4 MPH)
Roberto Ruiz to second
Runner from 2nd tries for 3rd, SAFE, throw by RF made to third
Pablo Lopez to second
Pitching: RHP Marco Quezada
Batting: LHB Osamu Kubo 0-0: Ball
1-0: Foul Ball, location: 2F
1-1: Foul Ball, location: 2F
1-2: Fly out, F5 (Popup, 56S, EV 74.4 MPH)
Top of the 7th over - 0 runs, 1 hit, 0 errors, 2 left on base; Lakewood 7 - Greensboro 7
BOTTOM OF THE 7TH
Greensboro Grasshoppers batting - Pitching for Lakewood BlueClaws : RHP Omar Pineda
Pitching: RHP Chris Lee
Now at 3B: Pablo Lopez
Now at SS: Steve Jones
Batting: RHB Boof Howell 0-0: Called Strike
0-1: Swinging Strike
0-2: Ball
1-2: Strikes out swinging, 2-3 out at first.
Batting: RHB Jordan Arcidez 0-0: Ball
1-0: Ball
2-0: Foul Ball, location: 2F
2-1: Ball
3-1: Base on Balls
Batting: RHB Wei-guo Tsu 0-0: Called Strike
0-1: Foul Ball, location: 2F
0-2: Ball
1-2: Ball
2-2: Foul Ball, location: 2F
2-2: Grounds into double play, 5-4-3 (Groundball, 56, EV 105.6 MPH)
Bottom of the 7th over - 0 runs, 0 hits, 0 errors, 0 left on base; Lakewood 7 - Greensboro 7
TOP OF THE 8TH
Lakewood BlueClaws batting - Pitching for Greensboro Grasshoppers : RHP Marco Quezada
Batting: RHB Alberto Ramirez 0-0: Ground out 6-3 (Groundball, 6, EV 97.5 MPH)
Batting: SHB Bob Dixon 0-0: Foul Ball, location: 2F
0-1: Swinging Strike
0-2: Ball
1-2: Ground out 5-3 (Groundball, 6S, EV 60.6 MPH)
Batting: LHB Jose Carlos 0-0: Foul Ball, location: 2F
0-1: Foul Ball, location: 2F
0-2: Foul Ball, location: 2F
0-2: Ball
1-2: DOUBLE (Line Drive, 78M, EV 100.6 MPH)
Batting: RHB Victor Arroyo 0-0: Ball
1-0: Foul Ball, location: 2F
1-1: Ball
2-1: Foul Ball, location: 2F
2-2: Ball
Wild Pitch!
Jose Carlos to third
3-2: Foul Ball, location: 2F
3-2: Base on Balls
Batting: RHB Roberto Ruiz 0-0: Called Strike
0-1: Ball
1-1: Ball
2-1: Foul Ball, location: 2F
2-2: Ball
3-2: SINGLE (Flyball, 89S, EV 93.1 MPH)
Jose Carlos scores
Victor Arroyo to second
Victor Arroyo to third
Pitching: RHP Tamirat Abboud
Batting: RHB Kyle Morse 0-0: Reached on error, E5 (Groundball, 56S, EV 92.5 MPH)
Victor Arroyo scores
Roberto Ruiz to third
Batting: RHB Steve Jones 0-0: Ball
1-0: Ball
2-0: Reached on error, E4 (Groundball, 4, EV 83.1 MPH)
Roberto Ruiz scores
Kyle Morse to third
Batting: RHB Pablo Lopez 0-0: Ball
1-0: Called Strike
1-1: Ball
2-1: SINGLE (Groundball, 6D, EV 95.0 MPH)
Kyle Morse scores
Steve Jones to second
Batting: LHB Osamu Kubo 0-0: Foul Ball, location: 2F
0-1: Ball
1-1: Ball
Steve Jones steals 3rd base
2-1: Ball
3-1: Called Strike
3-2: TRIPLE (Line Drive, 89XD, EV 100.6 MPH)
Steve Jones scores
Pablo Lopez scores
Batting: RHB Alberto Ramirez 0-0: SINGLE (Flyball, 4MD, EV 87.5 MPH)
Osamu Kubo scores
Pitching: LHP Joe Foster
Batting: SHB Bob Dixon 0-0: Called Strike
0-1: Foul Ball, location: 2F
0-2: Fielders Choice at 2nd, 5-4 (Groundball, 5, EV 80.6 MPH)
Top of the 8th over - 7 runs, 5 hits, 2 errors, 1 left on base; Lakewood 14 - Greensboro 7
BOTTOM OF THE 8TH
Greensboro Grasshoppers batting - Pitching for Lakewood BlueClaws : RHP Chris Lee
Batting: RHB Chris Riddick 0-0: Ball
1-0: Called Strike
1-1: Ground out U3 (Groundball, 34, EV 100.6 MPH)
Batting: LHB Juan Zuniga 0-0: Ball
1-0: DOUBLE (Line Drive, 7LM, EV 107.5 MPH)
Batting: RHB Tom Thompson 0-0: Called Strike
0-1: Swinging Strike
0-2: Ball
1-2: Foul Ball, location: 2F
1-2: Strikes out swinging
Pinch Hitting: RHB Natanael Fusquita 0-0: DOUBLE (Groundball, 5L, EV 102.5 MPH)
Juan Zuniga scores
Batting: RHB Isaiah Brockman 0-0: Ball
1-0: Swinging Strike
1-1: Called Strike
1-2: Ball
2-2: Foul Ball, location: 2F
2-2: Ball
Passed Ball!
Natanael Fusquita to third
3-2: Ground out 1-3 (Groundball, 25, EV 68.8 MPH)
Bottom of the 8th over - 1 run, 2 hits, 0 errors, 1 left on base; Lakewood 14 - Greensboro 8
TOP OF THE 9TH
Lakewood BlueClaws batting - Pitching for Greensboro Grasshoppers : LHP Joe Foster
Now at 1B: Natanael Fusquita
Now at 2B: Jordan Arcidez
Now at 3B: Juan Zuniga
Batting: LHB Jose Carlos 0-0: Foul Ball, location: 2F
0-1: Fly out, F9 (Line Drive, 9D, EV 102.5 MPH)
Batting: RHB Victor Arroyo 0-0: Ball
1-0: Foul Ball, location: 2F
1-1: Ball
2-1: Foul Ball, location: 2F
2-2: Ball
3-2: SOLO HOME RUN (Flyball, 7D, EV 96.3 MPH), Distance : 378 ft
Batting: RHB Roberto Ruiz 0-0: Called Strike
0-1: Ball
1-1: Ball
2-1: Ball
3-1: Fly out, F8 (Flyball, 89M, EV 95.6 MPH)
Batting: RHB Kyle Morse 0-0: Swinging Strike
0-1: Called Strike
0-2: SINGLE (Line Drive, 34D, EV 96.3 MPH)
Pitching: LHP Matt Payne
Pinch Hitting: RHB Pedro Mata 0-0: Swinging Strike
0-1: Ball
1-1: Swinging Strike
1-2: Strikes out swinging
Top of the 9th over - 1 run, 2 hits, 0 errors, 1 left on base; Lakewood 15 - Greensboro 8
BOTTOM OF THE 9TH
Greensboro Grasshoppers batting - Pitching for Lakewood BlueClaws : RHP Chris Lee
Now at SS: Pedro Mata
Batting: RHB Jake Shelton 0-0: Called Strike
0-1: Fly out, F8 (Flyball, 8LS, EV 88.8 MPH)
Batting: RHB Boof Howell 0-0: Called Strike
0-1: Ball
1-1: Ball
2-1: SINGLE (Groundball, 34D, EV 98.8 MPH)
Batting: RHB Jordan Arcidez 0-0: Called Strike
0-1: Grounds into double play, 1-6-3 (Groundball, 13, EV 71.9 MPH)
Bottom of the 9th over - 0 runs, 1 hit, 0 errors, 0 left on base; Lakewood 15 - Greensboro 8
Thursday, March 31st , 2022 - OOTP Baseball 22.12 Build 89